 Dungeon Crawl Stone Soup version 0.17.0-56-gd8de76c (webtiles) character file.

807 Ijustatesigmund the Charmwright (level 7, -3/36 HPs)
             Began as a Deep Elf Conjurer on Dec 4, 2015.
             Slain by Grinder (4 damage)
             ... on level 5 of the Dungeon.
             The game lasted 00:17:43 (4236 turns).

Ijustatesigmund the Charmwright (Deep Elf Conjurer) Turns: 4236, Time: 00:17:43

Health: -3/36      AC:  2    Str: 10    XL:     7   Next: 60%
Magic:  15/17      EV: 13    Int: 22    God:
Gold:   233        SH:  0    Dex: 15    Spells: 5 memorised, 2 levels left

rFire  . . .     SeeInvis .     p - +2 long sword (slice)
rCold  . . .     Clarity  .     a - +0 robe
rNeg   . . .     SustAt   .     (no shield)
rPois  +         Gourm    .     (no helmet)
rElec  .         Spirit   .     (no cloak)
rCorr  .         Warding  .     (no gloves)
rMut   .         Stasis   .     (no boots)
MR     .....                    (no amulet)
Stlth  ++........               r - ring of poison resistance
                                l - ring of flight

@: mighty, not resistant to hostile enchantments, unstealthy
A: no striking features
a: Evoke Flight


You were on level 5 of the Dungeon.
You were not hungry.

You visited 1 branch of the dungeon, and saw 5 of its levels.

You collected 233 gold pieces.

Inventory:

Hand Weapons
 g - a +0 dagger
 p - a +2 long sword of slicing (weapon)
Missiles
 s - 2 throwing nets (quivered)
Armour
 a - a +0 robe (worn)
Jewellery
 k - an uncursed ring of fire
 l - a ring of flight (left hand)
 r - a ring of poison resistance (right hand)
Scrolls
 o - a scroll of teleportation
 q - a scroll of magic mapping
 t - a scroll of blinking
 u - a scroll of enchant armour {unknown}
 v - a scroll of amnesia
 w - a scroll of remove curse {unknown}
Potions
 d - 2 potions of brilliance
 e - 7 potions of curing
 m - a potion of heal wounds {unknown}
 n - a potion of cure mutation
Books
 b - a book of Conjurations

   Spells                             Type                      Level
   a - Magic Dart                     Conjuration                  1
   b - Searing Ray                    Conjuration                  2
   c - Dazzling Spray                 Conjuration/Hexes            3
   d - Fulminant Prism                Conjuration/Hexes            4
   e - Iskenderun's Mystic Blast      Conjuration                  4
   f - Iskenderun's Battlesphere      Conjuration/Charms           5
 x - a book of the Earth

   Spells                             Type                      Level
   a - Leda's Liquefaction            Hexes/Earth                  4
   b - Bolt of Magma                  Conjuration/Fire/Earth       5
   c - Statue Form                    Transmutation/Earth          6
   d - Iron Shot                      Conjuration/Earth            6
   e - Shatter                        Earth                        9
Comestibles
 c - 5 bread rations
 i - 4 meat rations
 z - 2 chunks of flesh


   Skills:
 - Level 2.4 Dodging
 - Level 2.4 Stealth
 + Level 5.8 Spellcasting
 * Level 6.7 Conjurations
 - Level 3.3 Hexes
 + Level 7.5 Charms


You had 2 spell levels left.
You knew the following spells:

 Your Spells              Type           Power        Failure   Level  Hunger
a - Magic Dart            Conj           ####         1%          1    None
b - Searing Ray           Conj           #####.       1%          2    None
c - Dazzling Spray        Conj/Hex       ####....     4%          3    ##.....
d - Iskenderun's Mystic   Conj           #####...     8%          4    ####...
e - Iskenderun's Battles  Conj/Chrm      #####...     14%         5    #####..


Dungeon Overview and Level Annotations

Branches:
Dungeon (5/15)
 Temple: D:4-7

Altars:
Gozag
Okawaru
Ru
Sif Muna

Annotations:
D:5 Grinder


Message History

You kill the orc!
Grinder barely misses you.
The searing ray hits the orc.
You kill the orc!
Grinder hits you but does no damage.
You hit Grinder.
Grinder is lightly wounded.
Grinder hits you!
Drink which item? (? for menu, Esc to quit)
You feel very mighty all of a sudden. Grinder gestures at you.
You struggle to resist.
Drink which item? (? for menu, Esc to quit)
You feel better. Grinder hits you.
You writhe in agony.
You closely miss Grinder.
Grinder is lightly wounded.
Grinder hits you!
* * * LOW HITPOINT WARNING * * *
You writhe in agony.
You die...

...... ..... ....#####
... ...# ...##.#######
#...........## .
#.###....<...######.
#.)@5....รท..........
####...)...##.......
##...............
#####)..............
##.........).........
#....................
.....#<..........)....
##..##................
##.....#####.........


You could see Grinder.

Vanquished Creatures
  A centaur (D:5)
  An ogre (D:5)
  A water moccasin skeleton (D:5)
  A scorpion (D:5)
  A crimson imp (D:5)
  A giant frog zombie (D:5)
  3 orc wizards
  A hound (D:5)
  4 worker ants (D:4)
  2 iguanas (D:4)
  A hound skeleton (D:4)
  5 adders
  8 gnolls
  An ooze (D:2)
  3 worms
  4 giant geckos
  12 orcs
  4 giant cockroaches
  7 hobgoblins
  7 jackals
  3 kobolds
  A quokka (D:3)
  A ball python (D:3)
  5 bats
  A giant gecko skeleton (D:4)
  3 giant newts
  13 goblins
  A jackal skeleton (D:4)
  6 rats
102 creatures vanquished.

Notes
Turn   | Place    | Note
--------------------------------------------------------------
     0 | D:1      | Ijustatesigmund the Deep Elf Conjurer began the quest for the Orb.
     0 | D:1      | Reached XP level 1. HP: 10/10 MP: 6/6
   694 | D:2      | Reached XP level 2. HP: 15/15 MP: 6/8
   700 | D:2      | Learned a level 2 spell: Searing Ray
   930 | D:2      | Reached skill level 5 in Conjurations
   999 | D:2      | Reached XP level 3. HP: 19/19 MP: 8/10
  1004 | D:2      | Learned a level 3 spell: Dazzling Spray
  1113 | D:2      | Reached skill level 1 in Hexes
  1576 | D:3      | Reached XP level 4. HP: 24/24 MP: 7/12
  1631 | D:3      | Learned a level 4 spell: Iskenderun's Mystic Blast
  2198 | D:3      | Reached skill level 5 in Spellcasting
  2198 | D:3      | Reached XP level 5. HP: 23/28 MP: 6/14
  2466 | D:3      | Found an opulent altar of Gozag.
  2499 | D:3      | Found an iron altar of Okawaru.
  2502 | D:3      | Found a deep blue altar of Sif Muna.
  2719 | D:4      | Reached skill level 6 in Conjurations
  2878 | D:4      | Reached XP level 6. HP: 32/32 MP: 9/16
  2885 | D:4      | Learned a level 5 spell: Iskenderun's Battlesphere
  3012 | D:4      | Reached skill level 1 in Charms
  3218 | D:4      | Found a sacrificial altar of Ru.
  3583 | D:5      | Entered Level 5 of the Dungeon
  3812 | D:5      | Reached XP level 7. HP: 36/36 MP: 4/17
  4050 | D:5      | Reached skill level 7 in Charms
  4221 | D:5      | Noticed Grinder
  4236 | D:5      | HP: 1/36 [Grinder (11)]
  4236 | D:5      | Slain by Grinder

Action                   |  1- 3 |  4- 6 |  7- 9 || total
-------------------------+-------+-------+-------++-------
Melee: Dagger            |     1 |     1 |       ||     2
       Long sword        |       |     8 |     6 ||    14
 Cast: Magic Dart        |    68 |   131 |    40 ||   239
       Dazzling Spray    |       |     2 |     3 ||     5
       Searing Ray       |       |     7 |     3 ||    10
  Use: Scroll            |     8 |     3 |       ||    11
       Potion            |       |       |     4 ||     4
 Stab: Sleeping          |     1 |     3 |       ||     4
       Invisible         |       |       |     1 ||     1
  Eat: Chunk             |     1 |     8 |     1 ||    10
